Map: [ESL] Site Delta

Players

Cyan

  • Race: Protoss Protoss
  • Spawn Location: 5:00

Jieshi - Winner!

  • Race: Protoss Protoss
  • Spawn Location: 11:00

Event: ESL SC2 Masters 2023 Winter (Regional)

VOD

Have the link to the VOD?

Description

Time

  • Played on: Nov. 12, 2023, 6:17 a.m.
  • Length: 13:28

All games in this series

Show
View Real Time Build Order
Export as new Build Order

Cyan Protoss 

Build Orders: Oracle Opening, Phoenix Opening 

Get SALT Encoding   

  12  0:00  Probe  
  13  0:12  Probe  
  14  0:18  Pylon  
  14  0:24  Probe (Chrono Boost)  
  15  0:36  Probe (Chrono Boost)  
  15  0:38  Gateway  
  16  0:45  Probe (Chrono Boost)  
  16  0:46  Assimilator  
  17  0:51  Probe  
  17  0:55  Assimilator  
  18  1:03  Probe (Chrono Boost)  
  19  1:08  Gateway  
  19  1:13  Probe (Chrono Boost)  
  19  1:18  Probe (Chrono Boost)  
  21  1:26  Cybernetics Core  
  21  1:29  Probe  
  22  1:35  Pylon  
  22  1:41  Probe  
  23  2:03  Stargate  
  23  2:05  Stalker  
  25  2:09  Warp Gate  
  25  2:14  Pylon  
  27  2:19  Stalker  
  27  2:22  Probe  
  28  2:41  Probe  
  29  2:46  Oracle (Chrono Boost)  
  35  3:03  Nexus  
  35  3:05  Probe  
  32  3:15  Oracle (Chrono Boost)  
  35  3:20  Probe  
  35  3:24  Pylon  
  36  3:27  Stalker  
  38  3:36  Probe  
  39  3:46  Phoenix (Chrono Boost)  
  41  3:49  Probe  
  42  4:01  Probe  
  43  4:13  Probe  
  43  4:15  Probe  
  45  4:17  Twilight Council  
  45  4:23  Stalker x2  
  49  4:25  Probe  
  49  4:27  Shield Battery, Probe (Chrono Boost)  
  51  4:37  Probe (Chrono Boost)  
  52  4:39  Probe (Chrono Boost), Pylon  
  53  4:47  Probe (Chrono Boost)  
  53  4:48  Probe (Chrono Boost)  
  53  4:50  Blink (Chrono Boost)  
  53  4:52  Probe (Chrono Boost)  
  52  4:54  Probe  
  54  5:03  Probe  
  54  5:04  Stalker  
  54  5:06  Probe  
  58  5:07  Gateway  
  58  5:18  Probe  
  59  5:21  Probe  
  59  5:24  Nexus  
  60  5:29  Stalker  
  60  5:33  Stalker  
  63  5:38  Probe x2  
  63  5:50  Probe  
  63  5:53  Pylon  
  63  5:56  Probe  
  65  5:57  Assimilator  
  65  5:59  Pylon  
  65  6:02  Stalker x2  
  69  6:07  Probe  
  70  6:11  Probe  
  70  6:16  Forge  
  71  6:18  Gateway  
  71  6:19  Shield Battery, Probe  
  71  6:22  Stalker  
  71  6:24  Probe  
  75  6:26  Charge (Chrono Boost)  
  75  6:29  Pylon  
  75  6:30  Stalker  
  75  6:31  Probe  
  78  6:35  Stalker  
  78  6:37  Probe  
  81  6:40  Protoss Ground Weapons Level 1 (Chrono Boost), Probe  
  81  6:43  Probe  
  83  6:49  Probe  
  83  6:52  Probe  
  85  6:58  Probe  
  86  7:01  Robotics Facility  
  86  7:03  Gateway  
  86  7:07  Gateway  
  86  7:08  Gateway  
  86  7:11  Gateway, Probe  
  86  7:13  Probe  
  88  7:16  Probe  
  88  7:22  Gateway  
  89  7:23  Pylon, Probe  
  89  7:26  Probe  
  89  7:28  Probe  
  92  7:30  Pylon  
  92  7:37  Sentry  
  92  7:38  Zealot x2  
  92  7:41  Nexus  
  98  7:45  Probe  
  98  7:49  Probe, Pylon x2  
  98  7:50  Observer (Chrono Boost)  
  101  7:54  Gateway  
  101  7:58  Probe  
  102  8:00  Probe  
  102  8:02  Probe  
  102  8:03  Observer (Chrono Boost)  
  102  8:04  Zealot  
  102  8:05  Zealot x4  
  115  8:12  Zealot x2  
  117  8:14  Probe  
  117  8:16  Pylon  
  120  8:24  Protoss Ground Weapons Level 2 (Chrono Boost)  
  120  8:25  Stalker x4  
  128  8:35  Photon Cannon, Probe  
  128  8:38  Photon Cannon  
  128  8:39  Probe  
  128  8:40  Probe  
  131  8:45  Observer  
  131  8:46  Photon Cannon  
  131  8:47  Probe  
  133  8:51  Pylon  
  133  8:54  Pylon  
  131  8:57  Pylon  
  128  9:05  Probe  
  128  9:06  Photon Cannon, Warp Prism (Chrono Boost)  
  128  9:08  Shield Battery  
  131  9:11  Pylon  
  131  9:15  Probe  
  131  9:16  Probe  
  133  9:18  Zealot, Stalker x3  
  133  9:21  Probe x2  
  143  9:24  Assimilator  
  143  9:28  Zealot  
  143  9:29  Zealot x2  
  149  9:38  Pylon  
  149  9:41  Dark Shrine  
  149  9:43  Zealot x4  
  157  9:53  Probe  
  157  9:55  Forge  
  158  10:06  Zealot x8  
  158  10:07  Zealot  
  149  10:20  Probe  
  112  10:32  Zealot x9  
  118  10:37  Probe x2  
  118  10:39  Immortal (Chrono Boost)  
  118  10:40  Protoss Ground Weapons Level 3 (Chrono Boost)  
  120  10:49  Protoss Ground Armor Level 1 (Chrono Boost)  
  114  10:51  Stalker  
  114  10:52  Stalker x8  
  126  11:14  Dark Templar  
  104  11:21  Zealot x4, Stalker  
  104  11:22  Zealot  
  115  11:29  Dark Templar  
  80  11:41  Nexus  
  80  11:44  Pylon  
  80  11:45  Dark Templar  
  65  11:48  Probe x3  
  65  11:50  Observer  
  65  11:52  Zealot x6  
  79  12:00  Probe x2  
  69  12:06  Stalker x2  
  69  12:08  Probe  
  64  12:13  Probe  
  64  12:14  Probe  
  64  12:15  Zealot  
  63  12:21  Dark Templar  
  65  12:30  Stalker x2  
  65  12:34  Pylon  
  65  12:35  Archon  
  65  12:36  Zealot  
  71  12:45  Stalker x2  
  71  12:50  Stalker  
Show
View Real Time Build Order
Export as new Build Order

Jieshi Protoss - Winner!

Build Orders: 1 Gate Expand 

Get SALT Encoding   

  12  0:00  Probe  
  13  0:12  Probe  
  14  0:18  Pylon  
  14  0:24  Probe (Chrono Boost)  
  15  0:36  Probe (Chrono Boost)  
  15  0:38  Gateway  
  16  0:45  Probe (Chrono Boost)  
  16  0:47  Assimilator  
  17  0:51  Probe  
  18  1:03  Probe  
  19  1:15  Probe  
  20  1:24  Nexus  
  20  1:33  Cybernetics Core  
  20  1:40  Zealot  
  20  1:46  Pylon  
  22  1:48  Probe  
  23  2:01  Assimilator  
  23  2:04  Probe  
  23  2:07  Stalker (Chrono Boost)  
  24  2:09  Warp Gate  
  26  2:16  Probe  
  27  2:27  Stalker (Chrono Boost)  
  29  2:30  Probe  
  30  2:38  Gateway  
  30  2:39  Probe  
  31  2:45  Probe  
  31  2:51  Probe  
  33  2:56  Robotics Facility  
  33  2:58  Probe  
  32  3:03  Probe  
  32  3:04  Shield Battery  
  33  3:13  Sentry  
  33  3:14  Probe  
  33  3:15  Probe  
  37  3:27  Pylon, Probe  
  37  3:28  Probe  
  38  3:40  Immortal (Chrono Boost)  
  38  3:41  Probe x2  
  44  3:49  Pylon  
  44  3:53  Probe  
  44  3:54  Probe  
  46  3:57  Stalker x2  
  46  4:01  Pylon  
  50  4:09  Probe x2  
  50  4:12  Warp Prism (Chrono Boost)  
  48  4:22  Stalker  
  48  4:23  Probe x2  
  52  4:30  Twilight Council  
  52  4:35  Probe  
  52  4:36  Probe  
  54  4:41  Observer  
  55  4:48  Probe x2  
  55  4:50  Gateway  
  55  5:00  Probe x2  
  55  5:03  Assimilator  
  57  5:07  Blink (Chrono Boost)  
  57  5:08  Adept  
  57  5:10  Adept  
  57  5:12  Probe (Chrono Boost)  
  63  5:15  Forge, Probe (Chrono Boost)  
  63  5:24  Probe (Chrono Boost)  
  65  5:29  Probe (Chrono Boost)  
  65  5:34  Probe (Chrono Boost), Pylon  
  65  5:36  Probe  
  67  5:46  Probe  
  67  5:47  Protoss Ground Weapons Level 1 (Chrono Boost)  
  67  5:49  Probe  
  63  5:58  Stalker  
  63  5:59  Stalker x2  
  63  6:00  Nexus  
  69  6:06  Shield Battery  
  69  6:12  Probe  
  69  6:13  Observer  
  69  6:14  Gateway  
  70  6:22  Probe  
  70  6:24  Probe  
  72  6:26  Stalker  
  72  6:27  Stalker x2  
  72  6:30  Pylon  
  78  6:34  Gateway  
  78  6:44  Dark Shrine  
  78  6:48  Shield Battery, Probe  
  78  6:51  Probe  
  78  6:52  Pylon  
  79  6:56  Observer  
  79  6:57  Stalker  
  79  6:58  Stalker  
  79  6:59  Stalker  
  86  7:07  Probe x2  
  86  7:11  Stalker  
  86  7:13  Probe  
  89  7:19  Probe x2  
  91  7:25  Probe  
  91  7:29  Gateway  
  92  7:31  Gateway, Probe x2  
  92  7:34  Protoss Ground Weapons Level 2 (Chrono Boost), Stalker x2  
  92  7:36  Stalker  
  98  7:37  Gateway  
  98  7:43  Probe  
  99  7:47  Probe  
  99  7:49  Pylon  
  100  7:52  Pylon  
  100  7:55  Pylon  
  100  7:56  Dark Templar  
  100  7:57  Photon Cannon  
  102  8:04  Observer  
  102  8:07  Gateway  
  102  8:08  Dark Templar  
  104  8:13  Pylon  
  102  8:28  Stalker x3  
  102  8:31  Photon Cannon x2  
  102  8:34  Shield Battery  
  108  8:35  Pylon  
  107  8:42  Probe  
  107  8:44  Charge (Chrono Boost)  
  107  8:45  Warp Prism (Chrono Boost)  
  108  8:50  Pylon  
  108  8:52  Pylon  
  108  8:55  Nexus  
  110  8:58  Pylon  
  110  9:01  Stalker  
  110  9:02  Stalker x2  
  116  9:08  Photon Cannon  
  116  9:09  Stalker x2  
  118  9:10  Shield Battery  
  118  9:13  Probe x2  
  118  9:14  Assimilator  
  120  9:18  Pylon  
  120  9:21  Stalker  
  122  9:25  Observer (Chrono Boost)  
  122  9:28  Zealot x2, Photon Cannon  
  127  9:33  Stalker  
  129  9:39  Zealot  
  129  9:40  Zealot x2  
  135  9:55  Probe x3  
  135  9:57  Zealot  
  135  9:58  Zealot x4, Stalker  
  150  10:04  Zealot x2  
  150  10:05  Zealot  
  140  10:18  Dark Templar x3, Zealot  
  140  10:19  Zealot  
  130  10:26  Zealot x3  
  130  10:27  Dark Templar  
  133  10:42  Zealot x2  
  137  10:47  Archon  
  137  10:51  Zealot x5  
  137  10:54  Cybernetics Core  
  137  10:55  Observer (Chrono Boost)  
  148  10:58  Zealot  
  150  11:06  Dark Templar, Zealot x2  
  150  11:08  Probe  
  150  11:09  Photon Cannon  
  151  11:16  Zealot  
  151  11:17  Zealot x4  
  159  11:20  Probe  
  154  11:30  Observer  
  154  11:32  Dark Templar, Zealot x2  
  145  11:37  Zealot x4  
  145  11:38  Zealot x2  
  129  11:52  Stalker x2  
  129  11:59  Zealot x3, Stalker x2  
  129  12:00  Zealot  
  128  12:03  Observer  
  110  12:13  Photon Cannon  
  110  12:15  Observer (Chrono Boost), Stalker  
  107  12:16  Stalker x2  
  107  12:20  Stalker x3  
  107  12:21  Probe (Chrono Boost)  
  121  12:31  Probe (Chrono Boost)  
  121  12:33  Archon  
  121  12:35  Archon  
  121  12:38  Zealot x3, Probe  
  121  12:39  Dark Templar  
  130  12:52  Probe  
  130  12:54  Pylon  
  130  12:57  Stalker x4  
  130  12:58  Stalker  
  138  13:04  Probe  
Tags
 
Add a new tag
Caveats
  • Supply blocks, unpowered buildings, or Contaminate may cause inaccurate times.
  • Supply counts are checked every 10 seconds.